 Dungeon Crawl Stone Soup version 0.31-a0-667-g39726597b9 (webtiles) character file.

Game seed: 8838611429028366672

58 Essalna the Conjurer (level 3, -4/27 HPs)
             Began as a Demonspawn Conjurer on Sept 4, 2023.
             Killed from afar by Ijyb (8 damage)
             ... with an iceblast
             ... on level 3 of the Dungeon.
             The game lasted 00:03:04 (1187 turns).

Essalna the Conjurer (Demonspawn Conjurer)          Turns: 1187, Time: 00:03:05

Health: -4/27      AC:  3    Str:  7    XL:     3   Next: 76%
Magic:  2/7        EV: 12    Int: 23    God:
Gold:   38         SH:  0    Dex: 11    Spells: 6/7 levels left

rFire   + . .        d - +1 flail (heavy)
rCold   + . .        (no shield)
rNeg    . . .        a - +0 robe
rPois   .            j - +0 helmet
rElec   .            (no cloak)
rCorr   .            (no gloves)
SInv    .            (no boots)
Will    .....        (no amulet)
Stlth   ++           f - ring of protection from cold
HPRegen 0.24/turn    l - ring of protection from fire
MPRegen 0.10/turn

%: no passive effects
@: no status effects
A: big brain 1
a: no special abilities


You were on level 3 of the Dungeon.
You visited 1 branch of the dungeon, and saw 4 of its levels.

You collected 38 gold pieces.

Inventory:

Hand Weapons
 d - a +1 heavy flail (weapon)
Armour
 a - a +0 robe (worn)
 j - a +0 helmet (worn)
Jewellery
 f - a ring of protection from cold (left hand)
 l - a ring of protection from fire (right hand)
Scrolls
 c - a scroll of enchant armour {unknown}
 i - 2 scrolls of identify {unknown}
 k - a scroll of fear {unknown}
Potions
 b - a potion of magic
 e - a potion of curing {unknown}
 g - a potion of attraction {unknown}
 h - a potion of brilliance {unknown}


   Skills:
 + Level 1.9 Fighting
 - Level 1.7 Dodging
 - Level 1.7 Stealth
 + Level 2.7 Spellcasting
 + Level 4.5 Conjurations


You had 6 spell levels left.
You knew the following spells:

 Your Spells              Type           Power      Damage    Failure   Level
a - Magic Dart            Conj           92%        1d7       1%          1

Your spell library contained the following spells:

 Spells                   Type           Power      Damage    Failure   Level
 Searing Ray              Conj           46%        2d6       2%          2
 Dazzling Flash           Conj/Hex       26%        N/A       14%         3
 Portal Projectile        Hex/Tloc       6%         N/A       34%         3
 Tukima's Dance           Hex            3%         N/A       34%         3
 Fulminant Prism          Conj/Hex       6%         3d7       43%         4
 Iskenderun's Mystic Bla  Conj/Tloc      13%        2d5       43%         4


Dungeon Overview and Level Annotations

Branches:
Dungeon (4/15)
 Temple: D:4-7

Altars:

Annotations:
D:3 Ijyb


Innate Abilities, Weirdness & Mutations

You have an unusually large brain. (Int +2)


Message History

The magic dart hits Ijyb but does no damage.
The magic dart hits Ijyb.
Ijyb is lightly wounded.
Casting: Magic Dart (safe; 1% risk of failure)
Confirm with . or Enter, or press ? or * to list all spells.
You don't know that spell.
Casting: Magic Dart (safe; 1% risk of failure)
Confirm with . or Enter, or press ? or * to list all spells.
Aiming: Magic Dart (safe; 1% risk of failure)
Press: ? - help, Shift-Dir - straight line, f/p - Ijyb
Aim: Ijyb, wielding a +2 dagger of electrocution, wearing a +0 ring mail and carrying a wand of iceblast (lightly wounded, 100% to hit)
The magic dart hits Ijyb.
Ijyb is lightly wounded.
Casting: Magic Dart (safe; 1% risk of failure)
Confirm with . or Enter, or press ? or * to list all spells.
You don't know that spell.
Casting: Magic Dart (safe; 1% risk of failure)
Confirm with . or Enter, or press ? or * to list all spells.
Aiming: Magic Dart (safe; 1% risk of failure)
Press: ? - help, Shift-Dir - straight line, f/p - Ijyb
Aim: Ijyb, wielding a +2 dagger of electrocution, wearing a +0 ring mail and carrying a wand of iceblast (lightly wounded, 100% to hit)
The magic dart hits Ijyb.
Ijyb is lightly wounded.
Ijyb zaps a wand.
The mass of ice explodes!
The iceblast engulfs you! You partially resist.
You hear a shout! x2
Casting: Magic Dart (safe; 1% risk of failure)
Confirm with . or Enter, or press ? or * to list all spells.
Aiming: Magic Dart (safe; 1% risk of failure)
Press: ? - help, Shift-Dir - straight line, f/p - Ijyb
Aim: Ijyb, wielding a +2 dagger of electrocution, wearing a +0 ring mail and carrying a wand of iceblast (lightly wounded, 100% to hit)
The magic dart hits Ijyb.
Ijyb is moderately wounded.
Ijyb zaps a wand.
The mass of ice explodes!
The iceblast engulfs you! You partially resist.
* * * LOW HITPOINT WARNING * * *
Okay, then.
Ijyb zaps a wand.
The mass of ice explodes!
The iceblast engulfs you! You partially resist.
You die...

.###....g............#
# ..................#
....#......#.......#
##..............g...#
.#.#.##.##.#.......####
##.#.. ................
#.#... .. #...........
######.#### #....@#...#
#.####.##.# #.# # #.#
#.# #.# #.# #.# #.#


You could see Ijyb.

Vanquished Creatures
  2 adders
  A dart slug (D:4)
  8 orcs
  4 ball pythons (D:1)
  3 endoplasms
  A giant cockroach (D:1)
  3 goblins
  2 hobgoblins
  2 kobolds
  2 bats
  2 rats
30 creatures vanquished.

Notes
Turn   | Place    | Note
-------+----------+-------------------------------------------
     0 | D:1      | Essalna the Demonspawn Conjurer began the quest for the
                  | Orb.
     0 | D:1      | Reached XP level 1. HP: 13/13 MP: 3/3
   383 | D:1      | Gained mutation: You have an unusually large brain. (Int
                  | +2) [demonic ancestry]
   383 | D:1      | Reached XP level 2. HP: 16/20 MP: 5/5
   744 | D:2      | Reached skill level 1 in Fighting
   811 | D:2      | You fall into a shaft and drop 2 floors!
   831 | D:4      | Reached XP level 3. HP: 4/26 MP: 1/6
   834 | D:4      | HP: 1/26 [poisoned by an adder]
  1160 | D:3      | Noticed Ijyb
  1187 | D:3      | Killed from afar by Ijyb

Illustrated notes

Levels and vault maps discovered:
D:1:      mushboom_english_gardens, layout_loops_ring, minmay_misc_feat_hallway,
          minmay_misc_feat_rows
D:2:      layout_basic, basic_altar
D:3:      lemuel_castle_with_subvaults [lemuel_castle_interior_carwin_1],
          layout_loops_ring, st_stairs_14, uniq_ijyb
D:4:      layout_cave_pools, lemuel_round_altar, lightli_corner_chamber

Skill      XL: |  1  2 |
---------------+-------+-----
Fighting       | 1 |  1.9
Dodging        | |  1.7
Stealth        | |  1.7
Spellcasting   | |  2.7
Conjurations   | |  4.5

Action                     || total
---------------------------++-------
  Melee: Flail             ||    25
   Cast: Magic Dart        ||    47
 Armour: Robe              ||    34
  Dodge: Dodged            ||    27

Table legend: (Time is in decaauts)
 A = Elapsed time spent in this place.
 B = Non-inter-level travel time spent in this place.
 C = Inter-level travel time spent in this place.
 D = Time resting spent in this place.
 E = Time spent auto-exploring this place.
 F = Levels seen in this place.
 G = Mean time per level.
                   A        B        C        D        E       F      G
               +--------+--------+--------+--------+--------+-----+--------+
         Total |   1213 |   1194 |     19 |     84 |    882 |   4 |  303.2 |
       Dungeon |   1213 |   1194 |     19 |     84 |    882 |   4 |  303.2 |
               +--------+--------+--------+--------+--------+-----+--------+

Top non-repeatable levels by time:
     D:1: 729 daAuts
     D:4: 261 daAuts
     D:3: 137 daAuts
     D:2: 85 daAuts
